 Dungeon Crawl Stone Soup version 0.22-a0-247-gbddf880 (webtiles) character file.

112 wazuzu the Chopper (level 5, -9/41 HPs)
             Began as a Formicid Abyssal Knight on Feb 27, 2018.
             Was a Follower of Lugonu.
             Mangled by an ogre
             ... wielding a +0 giant club
              (13 damage)
             ... on level 2 of the Dungeon.
             The game lasted 00:06:53 (2850 turns).

wazuzu the Chopper (Formicid Abyssal Knight)        Turns: 2850, Time: 00:06:54

Health: -9/41      AC:  5    Str: 17    XL:     5   Next: 16%
Magic:  6/6        EV: 10    Int: 12    God:    Lugonu [*.....]
Gold:   121        SH:  0    Dex: 10    Spells: 4/4 levels left

rFire    . . .     SeeInvis +   a - +1 hand axe
rCold    . . .     Gourm    .   (no shield)
rNeg     . . .     Faith    .   p - +0 ring mail
rPois    .         Spirit   .   (helmet unavailable)
rElec    .         Reflect  .   (no cloak)
rCorr    .         Harm     .   (no gloves)
MR       .....                  (no boots)
Stlth    ..........             (no amulet)
HPRegen  0.13/turn              (no ring)
MPRegen  0.10/turn              (no ring)

@: no status effects
A: permanent stasis, dig shafts and tunnels, four strong arms, antennae 3
a: Dig, Shaft Self, Depart the Abyss, Renounce Religion


You were on level 2 of the Dungeon.
You worshipped Lugonu.
Lugonu was aware of your devotion.
You were hungry.

You visited 1 branch of the dungeon, and saw 3 of its levels.
You visited the Abyss 1 time.

You collected 121 gold pieces.

Inventory:

Hand Weapons
 a - a +1 hand axe (weapon)
Missiles
 g - 2 throwing nets (quivered)
Armour
 p - a +0 ring mail (worn)
Jewellery
 o - an uncursed amulet of the gourmand {unknown}
Scrolls
 b - 2 scrolls of blinking {unknown}
 d - a scroll of noise {unknown}
 i - 3 scrolls of identify {unknown}
 k - a scroll of random uselessness {unknown}
 l - 2 scrolls of enchant armour {unknown}
Potions
 e - a potion of degeneration {unknown}
 f - a potion of heal wounds {unknown}
 h - 2 potions of agility {unknown}
 j - a potion of mutation {unknown}
 m - a potion of haste {unknown}
 n - a potion of cancellation {unknown}
 q - 2 potions of curing {unknown}
 r - a potion of magic {unknown}
 t - a potion of ambrosia {unknown}
Comestibles
 c - 8 rations
 s - 2 chunks of flesh


   Skills:
 - Level 3.5 Fighting
 + Level 4.3 Axes
 - Level 2.5 Armour
 - Level 1.2 Dodging
 - Level 2.6 Invocations


You had 4 spell levels left.
You didn't know any spells.

Dungeon Overview and Level Annotations

Branches:
Dungeon (3/15)

Altars:
Okawaru


Innate Abilities, Weirdness & Mutations

You cannot be hasted, slowed, berserked, paralysed or teleported.
You can dig through walls and to a lower floor.
Your four strong arms can wield two-handed weapons with a shield.
You have a pair of large antennae on your head. (SInv)


Message History

An ogre is nearby!
You aren't carrying any items that you can evoke.
You see here a dagger.
You see here a flail.
There is a stone staircase leading up here.
The ogre closely misses you.
You climb upwards.
There is a stone staircase leading down here.
You hit the ogre.
The ogre is lightly wounded.
The ogre hits you with a giant club! The ogre hits you with a giant club!!
* * * LOW HITPOINT WARNING * * *
The ogre hits you with a giant club!
* * * LOW HITPOINT WARNING * * *
Are you sure you want to shaft yourself?
You are feeling hungry.
You begin to dig a shaft.
You continue digging a shaft.
The ogre hits you with a giant club!
You die...

#.## #..# ##.## #..# ##.# #.##
#..# #########
#################.####.......####
................@...).[..........
###...###########O)###[...)..####
#...# ##.####'###### #...# #..#
#.# ####### #...# ##.# #.#
#...... #...# #.###.# #.#####
##### #..##.###.####
##.##.#..(...# #..#.#......#


You could see an ogre.

Vanquished Creatures
  Jessica (D:3)
  3 adders (D:2)
  3 worms (D:2)
  4 dart slugs
  2 leopard geckos (D:2)
  An orc (D:3)
  2 ball pythons
  A giant cockroach (D:1)
  5 goblins
  4 hobgoblins
  4 bats
  4 frilled lizards
  6 kobolds
  5 rats
45 creatures vanquished.

Notes
Turn   | Place    | Note
-------+----------+-------------------------------------------
     0 | Abyss:1  | wazuzu the Formicid Abyssal Knight began the quest for the Orb.
     0 | Abyss:1  | Reached XP level 1. HP: 18/18 MP: 2/2
    14 | Abyss:1  | Found a corrupted altar of Lugonu.
    55 | Abyss:1  | Noticed a starcursed mass
    67 | Abyss:1  | Noticed a large abomination
   110 | Abyss:2  | Noticed a hellwing
   113 | D:1      | Escaped the Abyss
   387 | D:1      | Reached skill level 1 in Dodging
   426 | D:1      | Reached XP level 2. HP: 22/24 MP: 3/3
   475 | D:1      | Reached * piety under Lugonu
   755 | D:1      | Reached XP level 3. HP: 21/29 MP: 4/4
  1166 | D:2      | Found an iron altar of Okawaru.
  1558 | D:2      | Reached skill level 3 in Axes
  1566 | D:2      | Reached XP level 4. HP: 26/35 MP: 5/5
  2462 | D:3      | Noticed Jessica
  2473 | D:3      | Killed Jessica
  2473 | D:3      | Reached skill level 4 in Axes
  2473 | D:3      | Reached XP level 5. HP: 27/41 MP: 6/6
  2606 | D:3      | Noticed an ogre
  2850 | D:2      | Mangled by an ogre

Vault maps used:
D:1:      evilmike_arrival_crescent
D:2:      okawaru_trees_2, first_ration
D:3:      uniq_jessica

Skill      XL: |  1  2  3  4 |
---------------+-------------+-----
Dodging        | 1 |  1.2
Axes           | 3 4 |  4.3
Fighting       | |  3.5
Armour         | |  2.5
Invocations    | |  2.6

Action                   |  1- 3 |  4- 6 || total
-------------------------+-------+-------++-------
Melee: Hand axe          |    86 |    71 ||   157
Invok: Depart the Abyss  |     1 |       ||     1
 Abil: Shaft Self        |       |     1 ||     1
  Use: Scroll            |     1 |       ||     1
  Eat: Chunk             |     2 |     4 ||     6
Armor: Leather armour    |    15 |       ||    15
       Ring mail         |     6 |    29 ||    35
Dodge: Dodged            |    50 |    52 ||   102

Table legend:
 A = Spawn XP
 B = Non-spawn XP
 C = Spawn XP percentage of total XP
 D = Spawn monster count
 E = Non-spawn monster count
 F = Spawn count percentage of total count
 G = Total turns spent on level
                    A         B        C        D         E        F      G
               +---------+---------+-------+---------+---------+-------+---------
         Total |       0 |     160 |   0.0 |       0 |      45 |   0.0 |  2850
               +---------+---------+-------+---------+---------+-------+---------
           D:1 |       0 |      33 |   0.0 |       0 |      19 |   0.0 |  1043
           D:2 |       0 |      70 |   0.0 |       0 |      14 |   0.0 |  1364
           D:3 |       0 |      57 |   0.0 |       0 |      12 |   0.0 |   330
               +---------+---------+-------+---------+---------+-------+---------
